 Dungeon Crawl Stone Soup version 0.31-a0-726-g3c93526463 (webtiles) character file.

Game seed: 10733800450575898744

76811 Conn the Thaumaturge (level 15, -38/153 HPs)
             Began as an Octopode Fire Elementalist on Sept 11, 2023.
             Was an Elder of Sif Muna.
             Annihilated by a white very ugly thing (39 damage)
             ... on level 3 of the Abyss.
             The game lasted 01:26:04 (23506 turns).

Conn the Thaumaturge (Octopode Fire Elementalist)  Turns: 23506, Time: 01:26:04

Health: -38/153    AC: 31    Str:  8    XL:     15   Next: 54%
Magic:  4/40       EV:  2    Int: 25    God:    Sif Muna [****..]
Gold:   1027       SH:  0    Dex: 17    Spells: 1/38 levels left

rFire   + + .        L - +2 mace (protect)
rCold   . . .        v - sphere of Battle
rNeg    + . .        S - melded +2 hood of the Assassin {Detect Stab+ Stlth++}
rPois   +            (no amulet)
rElec   .            h - ring of positive energy
rCorr   .            k - ring of magical power
SInv    +            r - +4 ring of protection
Will    ++...        u - ring of flight
Stlth   ++++         q - ring of see invisible
HPRegen 0.00/turn    B - ring of Fun {Drain rF+ Dex+5 Stlth+}
MPRegen 0.27/turn    U - ring of protection from fire
                     (no ring)

%: no passive effects
@: tree-form, channelling, sick
A: stationary, stasis, torment immunity, boosted hp, almost no armour,
(amphibious), 8 rings, (camouflage 1), (gelatinous body 1), (nimble swimmer 1),
(tentacles), strong-willed 1, MP-powered wands
a: Renounce Religion, Channel Magic, Forget Spell, Divine Exegesis


You were on level 3 of the Abyss.
You worshipped Sif Muna.
Sif Muna was greatly pleased with you.
You were a tree.
You visited 4 branches of the dungeon, and saw 22 of its levels.
You visited the Abyss 1 time.
You also visited: Ossuary and Volcano.

You collected 1811 gold pieces.
You spent 784 gold pieces at shops.

Inventory:

Hand Weapons
 d - a +3 flail of venom
 w - the +5 sling of Gyhinifu {drain, rPois rC- Int+5}
   (You bought it in a shop on level 7 of the Dungeon)

   Int+5:     It affects your intelligence (+5).
   rC-:       It makes you vulnerable to cold.
   rPois:     It protects you from poison
 L - a +2 mace of protection (weapon)
 P - the +10 trident "Raungops" {freeze, rF+}
   (You took it off a gnoll sergeant on level 12 of the Dungeon)

   rF+:       It protects you from fire.
 X - the +2 short sword of Dorig {heavy, *Rage +Blink rElec Int+3}
   (You found it on level 2 of the Lair of Beasts)

   Int+3:     It affects your intelligence (+3).
   rElec:     It insulates you from electricity.
   +Blink:    It lets you blink.
   *Rage:     It berserks you when you make melee attacks (+20% chance).
Missiles
 s - a curare-tipped dart
 T - 2 throwing nets
Armour
 v - the sphere of Battle (worn)
   (You acquired it on level 6 of the Dungeon)

   Battle:    It summons a battlesphere in combat, with strength depending on
   Conjurations skill.
   Destructive: It enhances your destructive magic, and weakens non-destructive
   magic.
 N - a +0 buckler
 S - the +2 hood of the Assassin (melded) {Detect Stab+ Stlth++}
   (You found it on level 12 of the Dungeon)

   Detect:    It allows the wearer to sense nearby creatures.
   Stab+:     It allows the wearer to make particularly effective stabbing
   attacks against helpless or unaware enemies with any weapon.
   Stlth++:   It makes you much more stealthy.
Magical Staves
 t - a staff of air
Jewellery
 h - a ring of positive energy (left branch)
 k - a ring of magical power (right branch)
 q - a ring of see invisible (on tentacle)
 r - a +4 ring of protection (on tentacle)
 u - a ring of flight (on tentacle)
 B - the ring of Fun (on tentacle) {Drain rF+ Dex+5 Stlth+}
   (You acquired it in an ossuary)

   [ring of protection from fire]

   Dex+5:     It affects your dexterity (+5).
   rF+:       It protects you from fire.
   Drain:     It drains your maximum health when unequipped.
   Stlth+:    It makes you more stealthy.
 U - a ring of protection from fire (on tentacle)
 V - a ring of ice
Wands
 p - a wand of flame (68)
 y - a wand of polymorph (9)
 A - a wand of paralysis (3)
 H - a wand of iceblast (22)
 O - a wand of mindburst (16)
Scrolls
 c - 2 scrolls of fog
 e - 6 scrolls of teleportation
 j - 3 scrolls of poison
 l - 2 scrolls of vulnerability
 n - 4 scrolls of enchant armour
 o - 3 scrolls of fear
 D - a scroll of revelation
 E - 2 scrolls of immolation
 I - a scroll of torment
 J - 4 scrolls of identify
 K - 3 scrolls of enchant weapon
 M - a scroll of silence
 W - a scroll of brand weapon {unknown}
Potions
 a - 5 potions of magic
 b - 8 potions of curing
 f - 2 potions of enlightenment
 g - 2 potions of might
 i - 2 potions of heal wounds
 m - 4 potions of attraction
 x - 5 potions of resistance
 z - 4 potions of mutation
 C - 3 potions of invisibility
 F - 2 potions of lignification
 G - a potion of berserk rage
 Q - a potion of ambrosia
Miscellaneous
 R - a sack of spiders


   Skills:
 + Level 9.4 Fighting
 - Level 3.5 Maces & Flails
 + Level 10.1 Dodging
 - Level 4.3 Stealth
 * Level 12.2 Spellcasting
 + Level 11.8 Conjurations
 - Level 3.0 Hexes
 - Level 3.0 Summonings
 - Level 5.0 Translocations
 + Level 10.0 Fire Magic
 - Level 5.0 Air Magic
 * Level 10.7 Invocations


You had one spell level left.
You knew the following spells:

 Your Spells              Type           Power      Damage    Failure   Level
a - Foxfire               Conj/Fire      100%       2x1d9     1%          1
b - Scorch                Fire           100%       2d9       1%          2
c - Inner Flame           Hex/Fire       64%        N/A       1%          3
d - Flame Wave            Conj/Fire      81%        2d18      1%          4
e - Blink                 Tloc           40%        N/A       1%          2
f - Summon Small Mammal   Summ           60%        N/A       1%          1
g - Summon Guardian Gole  Hex/Summ       15%        N/A       3%          3
h - Call Canine Familiar  Summ           15%        N/A       3%          3
i - Arcjolt               Conj/Air       36%        1d46      3%          5
j - Starburst             Conj/Fire      40%        6d12      7%          6
k - Hailstorm             Conj/Ice       61%        3d13      1%          3
l - Iskenderun's Mystic   Conj/Tloc      72%        2d15      1%          4

Your spell library contained the following spells:

 Spells                   Type           Power      Damage    Failure   Level
 Magic Dart               Conj           100%       1d8       1%          1
 Slow                     Hex            60%        N/A       1%          1
 Lesser Beckoning         Tloc           40%        N/A       1%          2
 Momentum Strike          Conj/Tloc      100%       3d10      1%          2
 Searing Ray              Conj           100%       2d8       1%          2
 Static Discharge         Conj/Air       100%       2-7/arc   1%          2
 Gell's Gravitas          Tloc           20%        N/A       1%          3
 Teleport Other           Tloc           20%        N/A       1%          3
 Volatile Blastmotes      Fire/Tloc      100%       2d18      1%          3
 Fulminant Prism          Conj/Hex       34%        3d16      1%          4
 Sticky Flame             Conj/Fire      81%        2d9       1%          4
 Fireball                 Conj/Fire      40%        3d16      1%          5
 Iskenderun's Battlesphe  Conj           84%        2d13      1%          5
 Confusing Touch          Hex            15%        N/A       3%          3
 Sigil of Binding         Hex            15%        N/A       3%          3
 Tukima's Dance           Hex            15%        N/A       3%          3
 Airstrike                Air            28%        2d(5-21)  4%          4
 Vhi's Electric Charge    Tloc/Air       40%        N/A       4%          4
 Dimensional Bullseye     Hex/Tloc       8%         N/A       8%          4
 Summon Lightning Spire   Summ/Air       17%        N/A       8%          4
 Vampiric Draining        Necr           7%         2d6       12%         3
 Cause Fear               Hex            7%         N/A       12%         4
 Summon Ice Beast         Ice/Summ       11%        N/A       22%         4
 Silence                  Hex/Air        8%         N/A       22%         5
 Plasma Beam              Fire/Air       34%        2x1d47    28%         6
 Summon Mana Viper        Hex/Summ       15%        N/A       32%         5
 Metabolic Englaciation   Hex/Ice        5%         N/A       52%         5
 Yara's Violent Unravell  Hex/Tmut       17%        3d8       52%         5
 Haunt                    Necr/Summ      5%         N/A       100%        7
 Monstrous Menagerie      Summ           7%         N/A       100%        7
 Borgnjor's Revivificati  Necr           3%         N/A       100%        8
 Summon Horrible Things   Summ           7%         N/A       100%        8
 Death's Door             Necr           3%         N/A       100%        9


Dungeon Overview and Level Annotations

Branches:
Dungeon (14/15)            Temple (1/1) D:7            Lair (5/5) D:11
  Snake (0/4) Lair:3          Orc (2/2) D:11            Elf (0/3) Orc:2
 Vaults (0/5) D:13        Ossuary (visited)         Volcano (visited)
  Swamp: Lair:2-3    Shoals: Lair:2-3     Slime: Lair:4-5

Altars:
Ashenzari
Cheibriados
Dithmenos
Elyvilon
Fedhas
Gozag
Hepliaklqana
Kikubaaqudgha
Makhleb
Nemelex Xobeh
Okawaru
Qazlal
Ru
Sif Muna
Trog
Uskayaw
Vehumet
Wu Jian
Xom
Yredelemnul
Zin
The Shining One

Shops:
D:4 *   D:5 :   D:7 *   D:8 ??*(   D:12 :   Orc:1 :   Orc:2 [*:(


Innate Abilities, Weirdness & Mutations

You are a tree.
Your roots penetrate the ground, keeping you stationary.
You cannot be teleported.
You are immune to unholy pain and torment.
Your maximum health is greatly increased.
You cannot wear most types of armour.
((You are amphibious.))
You can wear up to eight rings at the same time.
((Your skin changes colour to match your surroundings (Stealth+).))
((Your rubbery body absorbs attacks. (AC +1, EV +1)))
((You are camouflaged when in or above water. (Stealth+)))
((You have tentacles for arms and can constrict up to eight enemies at once.))
You are strong-willed. (Will+)
You expend magic power (3 MP) to strengthen your wands.


Message History

The white very ugly thing freezes you!!
* * * LOW HITPOINT WARNING * * *
Unknown command.
Casting: Starburst (dangerous; 7% risk of failure)
Confirm with . or Enter, or press ? or * to list all spells.
Casting: Starburst (dangerous; 7% risk of failure)
Press: ? - help, Dir - look around, f - activate You feel a surge of power!
The bolt of fire hits the white very ugly thing!!!
The white very ugly thing is almost dead.
The bolt of fire hits the large abomination!!!
You destroy the large abomination!
Sif Muna accepts your kill.
The white very ugly thing engulfs you but does no damage.
Unknown command.
Casting: Starburst (dangerous; 7% risk of failure)
Confirm with . or Enter, or press ? or * to list all spells.
Okay, then.
You feel much better.
The white very ugly thing engulfs you but does no damage.
The white very ugly thing engulfs you!
* * * LOW HITPOINT WARNING * * *
The white very ugly thing freezes you!!
* * * LOW HITPOINT WARNING * * *
A raiju comes into view.
Your magical contamination has completely faded away.
Unknown command.
Unknown command.
Casting: Starburst (dangerous; 7% risk of failure)
Confirm with . or Enter, or press ? or * to list all spells.
Casting: Starburst (dangerous; 7% risk of failure)
Press: ? - help, Dir - look around, f - activate You feel a surge of power!
The bolt of fire misses the white very ugly thing.
The bolt of fire hits the raiju!!
The raiju is almost dead.
The white very ugly thing engulfs you.
* * * LOW HITPOINT WARNING * * *
The white very ugly thing freezes you!!!
You die...

. #3 .. ...# .#.##
..# . . .## . .
#... . # ##h#
.##{.# { ###u#.*#.
# # #*♣# X##.#..##
.
........#X#.....#.#
# .....#.###{#
.###.. .. ~##.
#.#.##X ..# . . #
## .{ #. #. .# . #
#... #.# #..# #
.#.X ### #. #
...#..# , # # . ..
#.# . ..#


You could see a white very ugly thing, a raiju (ally target) and a friendly
battlesphere.

Vanquished Creatures
  Rupert (Lair:3)
  Gastronok (Lair:2)
  An orc warlord (Orc:2)
  Harold (Lair:2)
  Fannar (Lair:2)
  A catoblepas (Lair:1)
  An ogre mage (D:13)
  9 two-headed ogres
  2 boulder beetles
  13 death yaks
  4 tengu warriors (D:13)
  A thrashing horror (Abyss:3)
  2 orc high priests
  A skyshark (Lair:2)
  Nergalle (Orc:2)
  A deep elf zephyrmancer (D:12)
  4 orc knights (Orc:2)
  3 deep elf pyromancers
  4 orc sorcerers
  8 cyclopes
  A manticore (D:13)
  13 elephants
  5 black mambas
  2 smoke demons (Abyss:3)
  4 gargoyles
  9 cane toads
  3 rime drakes
  4 komodo dragons
  3 kobold demonologists (D:12)
  2 ancient zymes (Abyss:3)
  3 tengu conjurers (D:12)
  5 polar bears
  14 trolls
  Grinder (D:5)
  3 raiju (D:12)
  10 dream sheep (Lair:5)
  10 blink frogs
  2 slime creatures (D:5)
  Sigmund (D:4)
  A shadow (D:11)
  A water elemental (Abyss:3)
  34 yaks
  4 wyverns
  5 starcursed masses (Abyss:3)
  4 wraiths
  A basilisk (Lair:1)
  A large abomination (Abyss:3)
  4 steam dragons
  A neqoxec (Abyss:3)
  Edmund (D:4)
  13 wargs
  3 nagas (Lair:3)
  The ghost of Omnilove the Sneak, an amateur KoEn (D:3)
  An acid dragon (D:11)
  4 hell hounds (D:12)
  11 water moccasins
  36 orc warriors
  2 ice beasts
  5 ogres
  4 black bears
  4 wolves (Lair:3)
  3 centaurs
  2 kobold brigands (D:5)
  Blork the orc (D:6)
  13 bullfrogs
  3 scorpions
  9 gnoll sergeants (D:12)
  A small abomination (Abyss:3)
  2 wyvern skeletons (D:3)
  7 jellies
  7 killer bees (D:9)
  15 howler monkeys
  A centaur zombie (Ossuary)
  18 orc priests
  2 hounds (D:5)
  Crazy Yiuf (D:2)
  2 human zombies (Ossuary)
  A sleepcap (D:4)
  4 iguanas
  Natasha (twice) (D:2)
  26 orc wizards
  4 mummies (Ossuary)
  A howler monkey zombie (D:3)
  A river rat (D:10)
  6 adders
  A shadow imp (D:6)
  4 white imps
  An ufetubus (D:5)
  A dart slug (D:2)
  7 worms
  76 orcs
  8 ball pythons
  12 endoplasms
  5 giant cockroaches
  3 gnoll zombies (Ossuary)
  3 goblins
  13 hobgoblins
  5 jackals
  15 kobolds
  4 quokkas
  5 bats
  2 frilled lizards
  A hobgoblin zombie (Ossuary)
  A kobold zombie (Ossuary)
  6 rats
  A butterfly (D:7)
  2 foxfires (Lair:2)
604 creatures vanquished.

Vanquished Creatures (collateral kills)
  13 foxfires
13 creatures vanquished.

Vanquished Creatures (others)
  2046 foxfires
2046 creatures vanquished.

Grand Total: 2663 creatures vanquished

Notes
Turn   | Place    | Note
-------+----------+-------------------------------------------
     0 | D:1      | Conn the Octopode Fire Elementalist began the quest for the
                  | Orb.
     0 | D:1      | Reached XP level 1. HP: 11/11 MP: 3/3
   185 | D:1      | Reached XP level 2. HP: 17/17 MP: 1/5
   603 | D:1      | Reached XP level 3. HP: 20/21 MP: 6/6
  1114 | D:2      | Found a runed translucent door.
  1115 | D:2      | Noticed Crazy Yiuf
  1121 | D:2      | Learned a level 2 spell: Scorch
  1125 | D:2      | Learned a level 3 spell: Inner Flame
  1127 | D:2      | Killed Crazy Yiuf
  1128 | D:2      | Reached XP level 4. HP: 27/27 MP: 7/7
  1271 | D:2      | Noticed Natasha
  1273 | D:2      | Found a stormy altar of Qazlal.
  1281 | D:2      | Killed Natasha
  1607 | D:2      | Reached XP level 5. HP: 31/31 MP: 9/9
  1692 | D:2      | Noticed Natasha
  1702 | D:2      | Killed Natasha
  2314 | D:3      | Found a runed translucent gate.
  2314 | D:3      | Found a runed translucent gate.
  2314 | D:3      | Found a runed translucent gate.
  2315 | D:3      | Noticed Omnilove's ghost (amateur KoEn)
  2436 | D:3      | Reached skill level 3 in Spellcasting
  2630 | D:3      | Learned a level 4 spell: Flame Wave
  2652 | D:3      | Reached XP level 6. HP: 37/37 MP: 8/10
  2778 | D:3      | Killed Omnilove's ghost
  2779 | D:3      | Reached skill level 1 in Fighting
  2932 | D:4      | Reached XP level 7. HP: 25/43 MP: 12/12
  3082 | D:4      | Found a burning altar of Makhleb.
  3122 | D:4      | Noticed Sigmund
  3128 | D:4      | Killed Sigmund
  3129 | D:4      | Reached skill level 4 in Spellcasting
  3399 | D:4      | Found a bloodstained altar of Trog.
  3400 | D:4      | Found a sacrificial altar of Ru.
  3607 | D:4      | Found Veom's General Store.
  3669 | D:4      | Learned a level 2 spell: Blink
  3671 | D:4      | Learned a level 1 spell: Summon Small Mammal
  3679 | D:4      | Noticed Edmund
  3687 | D:4      | Killed Edmund
  3688 | D:4      | Reached XP level 8. HP: 27/51 MP: 10/14
  3882 | D:5      | Entered Level 5 of the Dungeon
  4085 | D:5      | Noticed Grinder
  4091 | D:5      | Paralysed by Grinder for 3 turns
  4100 | D:5      | Killed Grinder
  4285 | D:5      | Reached skill level 1 in Hexes
  4285 | D:5      | Reached skill level 1 in Summonings
  4285 | D:5      | Reached skill level 1 in Translocations
  4285 | D:5      | Reached skill level 5 in Fire Magic
  4449 | D:5      | Noticed a slime creature
  4449 | D:5      | Noticed a slime creature
  4466 | D:5      | Killed a slime creature
  4467 | D:5      | Reached skill level 5 in Spellcasting
  4467 | D:5      | Reached skill level 5 in Conjurations
  4837 | D:5      | Found Xoomaudy's Book Shop.
  4988 | D:5      | Reached XP level 9. HP: 43/57 MP: 13/16
  5416 | D:6      | Learned a level 3 spell: Summon Guardian Golem
  5586 | D:6      | Identified a scroll of acquirement
  5586 | D:6      | Acquired the sphere of Battle
  5586 | D:6      | Found the sphere of Battle
  5689 | D:6      | Reached skill level 5 in Dodging
  5792 | D:6      | Found a hazy altar of Hepliaklqana.
  5847 | D:6      | Found an ancient bone altar of Kikubaaqudgha.
  5870 | D:6      | Noticed Blork the orc
  5873 | D:6      | Killed Blork the orc
  6415 | D:7      | Reached skill level 6 in Spellcasting
  6570 | D:7      | Found a staircase to the Ecumenical Temple.
  6581 | Temple   | Entered the Ecumenical Temple
  6681 | D:7      | Learned a level 3 spell: Call Canine Familiar
  6699 | D:7      | Found Cyro's Assorted Antiques.
  6729 | D:7      | Bought a glowing ivory ring for 115 gold pieces
  6729 | D:7      | Bought a crystal sling for 149 gold pieces
  6729 | D:7      | Identified the +5 sling of Gyhinifu {drain, rPois rC-
                  | Int+5} (You bought it in a shop on level 7 of the Dungeon)
  6828 | D:7      | Identified the +16 crystal plate armour of Abstinence {Fly
                  | rElec rF- Regen+}
  7067 | D:7      | Found an opulent altar of Gozag.
  7197 | D:7      | Reached XP level 10. HP: 61/63 MP: 19/19
  7483 | D:8      | Found Moped's Antique Weapon Emporium.
  7523 | D:8      | Found Lafuppog's Assorted Antiques.
  7531 | D:8      | Bought a bone wand for 72 gold pieces
  7591 | D:8      | Found a stormy altar of Qazlal.
  7760 | D:8      | Found a sand-covered staircase.
  7773 | Ossuary  | Entered an ossuary
  7803 | Ossuary  | Acquired the ring of Fun {Drain rF+ Dex+5 Stlth+}
  8067 | D:8      | Found Oghovug's Magic Scroll Emporium.
  8352 | D:8      | Found Fegov's Magic Scroll Boutique.
  9031 | D:9      | Gained mutation: You expend magic power (3 MP) to
                  | strengthen your wands. [potion of mutation]
  9031 | D:9      | Gained mutation: You are strong-willed. (Will+) [potion of
                  | mutation]
  9589 | D:9      | Found a shimmering blue altar of Sif Muna.
  9593 | D:9      | Reached skill level 7 in Spellcasting
  9597 | D:9      | Became a worshipper of Sif Muna the Loreminder
 10158 | D:10     | Entered Level 10 of the Dungeon
 10185 | D:10     | Found a snail-covered altar of Cheibriados.
 10346 | D:10     | Reached skill level 5 in Fighting
 10630 | D:10     | Noticed a two-headed ogre
 10635 | D:10     | Killed a two-headed ogre
 10636 | D:10     | Reached XP level 11. HP: 72/72 MP: 16/22
 10724 | D:10     | Found a shadowy altar of Dithmenos.
 10860 | D:10     | Noticed a two-headed ogre
 10869 | D:10     | Killed a two-headed ogre
 11202 | D:10     | Reached skill level 8 in Spellcasting
 11399 | D:11     | Noticed a two-headed ogre
 11404 | D:11     | Killed a two-headed ogre
 11616 | D:11     | Noticed a deep elf pyromancer
 11621 | D:11     | Killed a deep elf pyromancer
 11621 | D:11     | Reached * piety under Sif Muna
 11790 | D:11     | Reached skill level 5 in Translocations
 11824 | D:11     | Found a staircase to the Orcish Mines.
 11963 | D:11     | Learned a level 5 spell: Arcjolt
 12235 | D:11     | Reached skill level 1 in Invocations
 12263 | D:11     | Found a staircase to the Lair.
 12420 | D:12     | Reached skill level 1 in Air Magic
 12452 | D:12     | Found Teyte's Tremendous Tomes.
 12494 | D:12     | Noticed a two-headed ogre
 12500 | D:12     | Killed a two-headed ogre
 12880 | D:12     | Noticed a two-headed ogre
 12967 | D:12     | Reached skill level 1 in Maces & Flails
 12967 | D:12     | Reached XP level 12. HP: 79/79 MP: 24/24
 13191 | D:12     | Reached ** piety under Sif Muna
 13461 | D:12     | Noticed a two-headed ogre
 13462 | D:12     | Noticed a two-headed ogre
 13533 | D:12     | Identified the +10 trident "Raungops" {freeze, rF+}
 13623 | D:12     | Killed a two-headed ogre
 13641 | D:12     | Reached skill level 9 in Spellcasting
 13666 | D:12     | Killed a two-headed ogre
 13744 | D:12     | Killed a two-headed ogre
 14055 | D:12     | Found the +2 hood of the Assassin {Detect Stab+ Stlth++}
 14114 | D:12     | Reached skill level 10 in Conjurations
 14320 | D:12     | Reached *** piety under Sif Muna
 14321 | D:12     | Reached XP level 13. HP: 86/86 MP: 26/26
 14937 | D:13     | Reached skill level 5 in Invocations
 14948 | D:13     | Found a gate to the Vaults.
 15048 | D:13     | Reached skill level 5 in Air Magic
 16017 | Orc:1    | Entered Level 1 of the Orcish Mines
 16230 | Orc:1    | Found Iner Tothro's Book Emporium.
 16279 | Orc:1    | Reached skill level 10 in Spellcasting
 16506 | Orc:2    | Entered Level 2 of the Orcish Mines
 16514 | Orc:2    | Reached **** piety under Sif Muna
 16939 | Orc:2    | Found a staircase to the Elven Halls.
 17022 | Orc:2    | Reached ***** piety under Sif Muna
 17041 | Orc:2    | Noticed an orc warlord
 17086 | Orc:2    | Killed an orc warlord
 17271 | Orc:2    | Noticed Nergalle
 17286 | Orc:2    | HP: 3/75 [spectral orc warlord/+0 dire flail of
                  | draining[Nergalle] (3)]
 17480 | Orc:2    | Killed Nergalle
 17654 | Orc:2    | Reached XP level 14. HP: 37/90 MP: 23/28
 17844 | Orc:2    | Found Rizasi Hufoz's Antique Armour Shop.
 17863 | Orc:2    | Found Fuem's Book Shop.
 17904 | Orc:2    | Found Muquej's Antique Weapon Shop.
 17920 | Orc:2    | Found Kouh's General Store.
 18247 | Orc:2    | Bought a book of Fire for 448 gold pieces
 18254 | Orc:2    | Learned a level 6 spell: Starburst
 18344 | Orc:1    | Received a gift from Sif Muna
 18477 | Orc:1    | Got Sif Muna's Elucidation of Blasted Distance {god gift}
 18833 | Lair:1   | Entered Level 1 of the Lair of Beasts
 20041 | Lair:2   | Reached skill level 11 in Spellcasting
 20521 | Lair:2   | Noticed Harold
 20531 | Lair:2   | Killed Harold
 20633 | Lair:2   | Noticed Fannar
 20640 | Lair:2   | Killed Fannar
 20770 | Lair:2   | Learned a level 3 spell: Hailstorm
 21418 | Lair:2   | Noticed Gastronok
 21427 | Lair:2   | Killed Gastronok
 21493 | Lair:2   | Identified the +2 short sword of Dorig {heavy, *Rage +Blink
                  | rElec Int+3}
 22104 | Lair:3   | Found a staircase to the Snake Pit.
 22105 | Lair:3   | Noticed Rupert
 22113 | Lair:3   | Killed Rupert
 22153 | Lair:3   | Reached XP level 15. HP: 100/100 MP: 19/30
 22248 | Lair:3   | You are sucked into a shaft and drop 2 floors!
 22248 | Lair:5   | Entered Level 5 of the Lair of Beasts
 22336 | Lair:5   | Reached skill level 10 in Invocations
 22572 | Lair:5   | Received a gift from Sif Muna
 22578 | Lair:5   | Got Sif Muna's Folio of Cunning Apparitions {god gift}
 22782 | Lair:5   | Learned a level 4 spell: Iskenderun's Mystic Blast
 22837 | Lair:4   | Reached skill level 12 in Spellcasting
 23059 | Lair:4   | Found a dark tunnel.
 23071 | Volcano  | Entered a volcano
 23294 | Volcano  | Reached skill level 10 in Dodging
 23393 | Abyss:3  | Cast into level 3 of the Abyss (a wizard)
 23397 | Abyss:3  | Found a corrupted altar of Lugonu.
 23397 | Abyss:3  | Found a corrupted altar of Lugonu.
 23497 | Abyss:3  | Reached skill level 10 in Fire Magic
 23505 | Abyss:3  | HP: 2/153 [white very ugly thing (25)]
 23506 | Abyss:3  | Annihilated by a white very ugly thing

Illustrated notes

Levels and vault maps discovered:
D:1:      nzn_arrival_water_spiral, layout_rooms, chequers_mini_garden,
          minmay_tromino_v4_a
D:2:      minmay_diamond_boxcup, layout_basic, basic_altar,
          uniq_crazy_yiuf_cottage, uniq_natasha
D:3:      layout_loops_ring, gammafunk_ghost_necromancy
D:4:      layout_basic, nicolae_overflow_two_pavilions,
          mainiacjoe_overflow_six_doors_small, serial_shops, shop, uniq_edmund,
          uniq_sigmund
D:5:      cheibrodos_fertilizer, layout_basic, serial_shops,
          nicolae_shop_real_fake_doors, uniq_grinder
D:6:      layout_loops_ring, lemuel_coloured_pillars_altar,
          nicolae_kikubaaqudgha_miasma_corner, uniq_blork_the_orc
D:7:      layout_loops_ring, grunt_gozag_statues,
          minmay_temple_entry_butterflies, serial_aquarium,
          aquarium_bridge_straight [aquarium_subvault_bridge,
          aquarium_subvault_wall, aquarium_subvault_bridge,
          aquarium_subvault_wall], aquarium_bridge_square
          [aquarium_subvault_wall, aquarium_subvault_bridge,
          aquarium_subvault_bridge, aquarium_subvault_wall],
          aquarium_window_fake, aquarium_window_fake, aquarium_window_2,
          aquarium_view_2c, aquarium_balcony_5a, serial_shops,
          nicolae_shop_window_shopping
D:8:      layout_basic, mainiacjoe_overflow_brackets,
          nicolae_ossuary_entry_false_entrances, serial_shops,
          nicolae_take_the_stairs, shop, nicolae_shop_rolled_up, shop,
          small_statue_alley_b, dk_vineyard_3
D:9:      layout_long_grid, nicolae_sif_muna_little_library,
          kennysheep_generic_room_9
D:10:     layout_grid_maze, general_overflow_altar, slow_altar_1, pond
D:11:     layout_loops_ring, david_lair_shrubbed, david_orc_4
D:12:     lemuel_castle_with_subvaults [lemuel_castle_interior_carwin_2],
          layout_stronghold, nicolae_shop_i_like_big_books
D:13:     layout_layer_cave, david_vaults_2, special_room [special_room_orc]
D:14:     layout_loops_ring, dk_noncrumbling_2, ebering_ghost_xom,
          minmay_misc_feat_more_columns, uniq_lodul
Temple:   nicolae_temple_slightly_damp_pantheon
Lair:1:   layout_long_grid, infiniplex_staircase_pool_2
Lair:2:   layout_layer_cave, lemuel_fruit_tree, uniq_gastronok, uniq_fannar,
          uniq_harold
Lair:3:   lemuel_slime, layout_loops_ring, alex1729_swamp_entry_worm_eleionoma,
          minmay_snake_entry_guardpost_small, cheibrodos_lair_lostbears,
          grunt_megastairs_4, uniq_rupert
Lair:4:   layout_roguey, nicolae_slime_entry_slimehenge,
          nicolae_volcano_entry_two_sided, beast_lair_carwin_4
Lair:5:   guppyfry_lair_end_dragon, layout_big_grid, serial_bayou_pond_c
Orc:1:    layout_caves, serial_shops, shop
Orc:2:    grunt_orc_cross, layout_caves
Abyss:3:  base: D:12, hangedman_abyss_town, hangedman_abyss_or_decor_clamps,
          evilmike_nicolae_abyss_rune_containment_curve,
          hangedman_abyss_or_decor_clamps
Volcano:  hellmonk_zot_springs

Skill      XL: |  1  2  3  4  5  6  7  8  9 10 11 12 13 14 15 |
---------------+----------------------------------------------+-----
Stealth        | 3 4 |  4.3
Conjurations   | 2 3 4 5 6 8 9 10 11 | 11.8
Dodging        | 3 4 5 6 7 8 9 10 | 10.1
Spellcasting   | 3 4 5 6 7 8 9 10 11 12 | 12.2
Fire Magic     | 4 5 6 7 8 9 10 | 10.0
Fighting       | 1 2 3 4 5 6 7 8 9 |  9.4
Hexes          | 1 2 3 |  3.0
Summonings     | 1 2 3 |  3.0
Translocations | 1 2 4 5 |  5.0
Invocations    | 2 4 7 9 10 | 10.7
Air Magic      | 1 4 5 |  5.0
Maces & Flails | 1 2 3 |  3.5

Action                     |  1- 3 |  4- 6 |  7- 9 | 10-12 | 13-15 || total
---------------------------+-------+-------+-------+-------+-------++-------
  Melee: Unarmed           |     7 |       |       |       |       ||     7
         Flail             |     6 |    49 |    15 |     1 |       ||    71
         Constrict         |     3 |    12 |     3 |     1 |     5 ||    24
         Tentacles         |     3 |     8 |     3 |       |     5 ||    19
         Punch             |       |       |     1 |       |       ||     1
         Mace              |       |       |       |     1 |    17 ||    18
   Cast: Foxfire           |    47 |    33 |   155 |   381 |   573 ||  1189
         Scorch            |     1 |    14 |    40 |    78 |    62 ||   195
         Inner Flame       |     1 |     2 |    12 |     2 |     8 ||    25
         Flame Wave        |       |       |     8 |    11 |    46 ||    65
         Summon Small Mamm |       |       |     1 |       |       ||     1
         Summon Guardian G |       |       |     1 |       |     4 ||     5
         Blink             |       |       |       |    25 |     4 ||    29
         Arcjolt           |       |       |       |       |    17 ||    17
         Starburst         |       |       |       |       |    14 ||    14
         Hailstorm         |       |       |       |       |     6 ||     6
         Iskenderun's Myst |       |       |       |       |     1 ||     1
 Invoke: Channel Magic     |       |       |       |       |     7 ||     7
    Use: Scroll            |       |     6 |    11 |     5 |     2 ||    24
         Potion            |       |       |     1 |     4 |     9 ||    14
   Stab: Sleeping          |     1 |    15 |     1 |       |       ||    17
 Armour: Skin              |     7 |    26 |    34 |    25 |   134 ||   226
  Dodge: Dodged            |    14 |    29 |    31 |    27 |   150 ||   251

Table legend: (Time is in decaauts)
 A = Elapsed time spent in this place.
 B = Non-inter-level travel time spent in this place.
 C = Inter-level travel time spent in this place.
 D = Time resting spent in this place.
 E = Time spent auto-exploring this place.
 F = Levels seen in this place.
 G = Mean time per level.
                   A        B        C        D        E       F      G
               +--------+--------+--------+--------+--------+-----+--------+
         Total |  23543 |  23156 |    387 |    862 |  15287 |  25 |  941.7 |
       Dungeon |  15875 |  15512 |    363 |    166 |  11060 |  14 | 1133.9 |
        Temple |     67 |     59 |      8 |      0 |      0 |   1 |   67.0 |
          Lair |   4238 |   4226 |     12 |    193 |   2762 |   5 |  847.6 |
  Orcish Mines |   2686 |   2683 |      3 |    279 |   1413 |   2 | 1343.0 |
         Abyss |    112 |    112 |      0 |      0 |      0 |   1 |  112.0 |
       Ossuary |    239 |    239 |      0 |     40 |      0 |   1 |  239.0 |
       Volcano |    321 |    321 |      0 |    184 |     52 |   1 |  321.0 |
               +--------+--------+--------+--------+--------+-----+--------+

Top non-repeatable levels by time:
    D:12: 2198 daAuts
  Lair:2: 1981 daAuts
   Orc:2: 1736 daAuts
     D:5: 1418 daAuts
     D:9: 1403 daAuts
    D:13: 1376 daAuts
    D:10: 1231 daAuts
    D:11: 1179 daAuts
  Lair:1: 1166 daAuts
     D:7: 1130 daAuts
     D:8: 1063 daAuts
     D:2: 1037 daAuts
     D:3: 1012 daAuts
     D:4: 998 daAuts
     D:6: 963 daAuts
